 Dungeon Crawl Stone Soup version 0.25-a0-513-ge77a69270c (webtiles) character file.

Game seed: 255609458589374226, levelgen mode: deterministic

385 Eurus the Magician (level 6, 0/46 HPs)
             Began as a Mummy Conjurer on Feb 16, 2020.
             Hit by a silver boomerang thrown by an orc (1 damage)
             ... on level 4 of the Dungeon.
             The game lasted 00:12:11 (5543 turns).

Eurus the Magician (Mummy Conjurer)                 Turns: 5543, Time: 00:12:12

Health: 0/46       AC:  3    Str: 11    XL:     6   Next: 48%
Magic:  5/12       EV: 12    Int: 17    God:
Gold:   214        SH:  0    Dex: 12    Spells: 5/14 levels left

rFire    x . .     SeeInvis .   l - +1 short sword (speed)
rCold    + . .     Gourm    .   (no shield)
rNeg     + + +     Faith    .   a - +0 robe
rPois    ∞         Spirit   .   j - +0 helmet
rElec    .         Reflect  .   (no cloak)
rCorr    .         Harm     .   (no gloves)
MR       .....                  (no boots)
Stlth    ++........             (no amulet)
HPRegen  0.15/turn              (no ring)
MPRegen  0.13/turn              (no ring)

@: no status effects
A: no food or potions, fire vulnerability, cold resistance 1, negative energy
resistance 3, torment resistance, unbreathing
a: no special abilities


You were on level 4 of the Dungeon.
You were not hungry.

You visited 1 branch of the dungeon, and saw 4 of its levels.

You collected 214 gold pieces.

Inventory:

Hand Weapons
 l - a +1 short sword of speed (weapon)
Armour
 a - a +0 robe (worn)
 j - a +0 helmet (worn)
Jewellery
 c - an uncursed ring of ice
 g - an uncursed amulet of guardian spirit {unknown}
 k - an uncursed ring of ice
Wands
 o - a wand of disintegration (16)
Scrolls
 b - 6 scrolls of identify
 e - a scroll of remove curse
 f - a scroll of enchant armour


   Skills:
 + Level 2.8 Fighting
 + Level 1.5 Armour
 - Level 1.5 Dodging
 - Level 1.5 Stealth
 + Level 4.6 Spellcasting
 + Level 4.5 Conjurations
 + Level 1.6 Translocations


You had 5 spell levels left.
You knew the following spells:

 Your Spells              Type           Power        Failure   Level  Hunger
a - Magic Dart            Conj           ###.         2%          1    N/A
b - Searing Ray           Conj           ###...       3%          2    N/A
c - Iskenderun's Mystic   Conj/Tloc      ##......     38%         4    N/A
d - Blink                 Tloc           N/A          12%         2    N/A

Your spell library contained the following spells:

 Spells                   Type           Power        Failure   Level  Hunger
 Conjure Flame            Conj/Fire      ##......     19%         3    N/A
 Dazzling Flash           Conj/Hex       ##....       19%         3    N/A
 Call Imp                 Summ           #.......     22%         2    N/A
 Slow                     Hex            #.......     22%         2    N/A
 Mephitic Cloud           Conj/Pois/Air  #.......     24%         3    N/A
 Fulminant Prism          Conj/Hex       ##........   52%         4    N/A

Dungeon Overview and Level Annotations

Branches:
Dungeon (4/15)
 Temple: D:4-7

Altars:
Cheibriados
Nemelex Xobeh


Innate Abilities, Weirdness & Mutations

You do not eat or drink.
Your flesh is vulnerable to fire.
You are immune to poison.
Your flesh is cold resistant. (rC+)
You are immune to negative energy. (rN+++)
You are immune to unholy pain and torment.
You can survive without breathing.


Message History

The orc shouts! x2; You hear a shout!
Something hits you. Something hits you.
* * * LOW HITPOINT WARNING * * *
The orc wizard points at you and mumbles some strange words.
The puff of flame hits something!
The orc hits you but does no damage.
An orc wizard comes into view. It is wielding a +0 dagger.
The orc throws a silver boomerang.
The silver boomerang barely misses you.
The weapon returns to the orc!
Something hits you.
* * * LOW HITPOINT WARNING * * *
The orc hits you.
* * * LOW HITPOINT WARNING * * *
The orc throws a silver boomerang.
The silver boomerang barely misses you.
The orc wizard points at you and mumbles some strange words.
You easily resist.
The orc wizard gestures wildly while chanting.
The orc wizard flickers and vanishes!
The orc throws a silver boomerang.
The silver boomerang hits you.
* * * LOW HITPOINT WARNING * * *
You die...

#...##.## #####.##....# #
#.....o.####.....##....# #
#.......##.......####### #
##......##.......#########
#......##.......#........
.#.....o##.......#........
.........{...............(.
........oo.......<.......?.
..........@...##...).......
........?..........<.#....#
.>.$.................# ....
........##............... .
######.>##########...#...
### .......... #....##....
#....# (... #....# ...


You could see an orc wizard and 3 orcs.

Vanquished Creatures
  2 orc wizards (D:3)
  3 worker ants (D:4)
  Robin (D:2)
  8 gnolls
  5 adders
  2 oozes (D:3)
  2 worms
  A dart slug (D:2)
  3 leopard geckos
  4 orcs (D:3)
  2 ball pythons
  5 giant cockroaches
  19 goblins
  16 hobgoblins
  4 jackals
  A quokka (D:3)
  6 bats
  2 frilled lizards
  12 kobolds
  8 rats
106 creatures vanquished.

Notes
Turn   | Place    | Note
-------+----------+-------------------------------------------
     0 | D:1      | Eurus the Mummy Conjurer began the quest for the Orb.
     0 | D:1      | Reached XP level 1. HP: 13/13 MP: 4/4
   310 | D:1      | Reached XP level 2. HP: 19/20 MP: 2/5
   622 | D:1      | Reached skill level 1 in Fighting
  1224 | D:1      | Learned a level 2 spell: Searing Ray
  1634 | D:1      | Reached XP level 3. HP: 26/26 MP: 4/7
  2457 | D:2      | Found a snail-covered altar of Cheibriados.
  2663 | D:2      | Reached XP level 4. HP: 32/32 MP: 5/9
  2717 | D:2      | Learned a level 4 spell: Iskenderun's Mystic Blast
  3233 | D:2      | Noticed Robin
  3591 | D:2      | Killed Robin
  4157 | D:3      | Reached XP level 5. HP: 28/38 MP: 7/10
  4259 | D:3      | Learned a level 2 spell: Blink
  4280 | D:3      | Found a sparkling altar of Nemelex Xobeh.
  4831 | D:3      | Reached skill level 1 in Translocations
  4834 | D:3      | Reached skill level 1 in Armour
  5387 | D:4      | Reached XP level 6. HP: 46/46 MP: 9/12
  5543 | D:4      | HP: 1/46 [orc/silver boomerang (4)]
  5543 | D:4      | Hit by a silver boomerang thrown by an orc

Levels and vault maps discovered:
D:1:      dpeg_arrival_shrine, layout_basic
D:2:      layout_basic, cheibriados_altar_1, cheibrodos_gnoll_hut, uniq_robin
D:3:      layout_basic, nemelex_dance_club_becter
D:4:      minmay_clustersquares, layout_basic, lemuel_crystal_altar,
          gup_sewer_entry_bubbles

Skill      XL: |  1  2  3  4  5 |
---------------+----------------+-----
Spellcasting   | 3 4 |  4.6
Fighting       | 1 2 |  2.8
Conjurations   | 4 |  4.5
Translocations | 1 |  1.6
Armour         | 1 |  1.5
Dodging        | |  1.5
Stealth        | |  1.5

Action                   |  1- 3 |  4- 6 || total
-------------------------+-------+-------++-------
Melee: Dagger            |    66 |    20 ||    86
       Short sword       |       |    24 ||    24
 Cast: Magic Dart        |    79 |    54 ||   133
       Searing Ray       |     3 |    20 ||    23
  Use: Scroll            |       |     4 ||     4
 Stab: Sleeping          |     1 |       ||     1
Armor: Robe              |    20 |    14 ||    34
Dodge: Dodged            |    52 |    69 ||   121

Table legend:
 A = Non-vault XP
 B = Vault XP
 C = Vault XP percentage of total XP
 D = Non-vault monster count
 E = Vault monster count
 F = Vault count percentage of total count
                 A         B        C        D         E       F
            +---------+---------+-------+---------+---------+-------
      Total |     485 |      65 |  11.8 |      88 |      18 |  17.0
            +---------+---------+-------+---------+---------+-------
        D:1 |      43 |       3 |   6.5 |      26 |       2 |   7.1
        D:2 |      89 |      52 |  36.9 |      24 |      14 |  36.8
        D:3 |     142 |      10 |   6.6 |      27 |       2 |   6.9
        D:4 |     211 |       0 |   0.0 |      11 |       0 |   0.0
            +---------+---------+-------+---------+---------+-------
